 Dungeon Crawl Stone Soup version 0.25-a0-404-gc1b5a34 (webtiles) character file.

Game seed: 4723938153681073455, levelgen mode: deterministic

6640 omnomnOMINOUS the Nimble (level 10, -12/60 (61) HPs)
             Began as a Deep Elf Wizard on Jan 13, 2020.
             Was a High Priest of the Shining One.
             Mangled by an enormous slime creature (72 damage)
             ... in a Gauntlet.
             The game lasted 00:49:15 (12450 turns).

omnomnOMINOUS the Nimble (Deep Elf Wizard)         Turns: 12450, Time: 00:49:15

HP:   -12/60 (61)   AC:  7    Str:  7    XL:     10   Next: 72%
MP:   28/33         EV: 20    Int: 27    God:    the Shining One [*****.]
Gold: 249           SH:  5    Dex: 13    Spells: 7/25 levels left

rFire    . . .     SeeInvis .   a - +1 mace of the Wraith {crush, MP+9 Str+3}
rCold    . . .     Gourm    .   y - +0 buckler
rNeg     + + .     Faith    .   z - +2 robe {MR+}
rPois    .         Spirit   .   q - +0 helmet
rElec    .         Reflect  .   V - +0 cloak
rCorr    .         Harm     .   n - +0 pair of gloves
MR       ++...     NoTele   +   (no boots)
Stlth    +.........             (no amulet)
HPRegen  0.20/turn              m - +2 ring of evasion
MPRegen  0.23/turn              (no ring)

@: very slightly contaminated, glowing
A: no striking features
a: Divine Shield, Cleansing Flame, Summon Divine Warrior, Renounce Religion


You were in a Gauntlet.
You worshipped the Shining One.
The Shining One was extremely pleased with you.
You were not hungry.

You visited 2 branches of the dungeon, and saw 14 of its levels.
You also visited: Gauntlet.

You collected 537 gold pieces.
You spent 288 gold pieces at shops.

Inventory:

Hand Weapons
 a - the +1 mace of the Wraith (weapon) {crush, MP+9 Str+3}
   (You bought it in a shop on level 7 of the Dungeon)

   It inflicts extra damage upon your enemies.
   It affects your strength (+3).
   It affects your magic capacity (+9).
 b - a +0 falchion of holy wrath
 B - a +3 hunting sling
 D - a +1 shortbow of freezing
 W - a +2 whip of venom
Missiles
 h - 35 poisoned darts (quivered)
 o - 367 stones
 p - 162 arrows
 u - 13 javelins
 U - 2 throwing nets
Armour
 n - a +0 pair of gloves (worn)
 q - a +0 helmet (worn)
 y - a +0 buckler (worn)
 z - a +2 robe of magic resistance (worn)
 P - a +2 robe of positive energy
 V - a +0 cloak (worn)
Magical Staves
 F - an uncursed staff of air
Jewellery
 j - the ring of Alaus {Wiz +Inv, unknown}
   (You found it in a Gauntlet)

   [ring of wizardry]

   It improves your spell success rate.
   It lets you turn invisible.
 l - an uncursed amulet of rage
 m - a +2 ring of evasion (left hand)
Wands
 w - a wand of flame (15)
 R - a wand of disintegration (3)
 Z - a wand of paralysis (8)
Scrolls
 c - a scroll of blinking {unknown}
 e - a scroll of fog {unknown}
 g - 4 scrolls of remove curse
 i - 3 scrolls of teleportation
 k - 4 scrolls of amnesia
 t - 2 scrolls of noise
 E - a scroll of enchant weapon {unknown}
 L - a scroll of fear {unknown}
 M - 2 scrolls of immolation
 Y - a scroll of random uselessness {unknown}
Potions
 f - 5 potions of curing
 r - 2 potions of flight
 s - 2 potions of heal wounds
 x - 3 potions of lignification
 A - a potion of haste {unknown}
 C - a potion of ambrosia {unknown}
 G - 2 potions of cancellation {unknown}
 H - a potion of resistance {unknown}
 I - a potion of magic {unknown}
 J - 2 potions of agility
 N - a potion of mutation {unknown}
 O - 3 potions of brilliance
 T - a potion of might
Comestibles
 d - 19 rations


   Skills:
 + Level 6.9 Fighting
 + Level 10.2 Dodging
 - Level 2.4 Stealth
 - Level 4.0 Shields
 - Level 8.0 Spellcasting
 + Level 6.7 Conjurations
   Level 1.1 Summonings
 - Level 1.1 Translocations
 + Level 7.0 Fire Magic


You had 7 spell levels left.
You knew the following spells:

 Your Spells              Type           Power        Failure   Level  Hunger
a - Magic Dart            Conj           ####         1%          1    None
b - Blink                 Tloc           N/A          4%          2    None
c - Conjure Flame         Conj/Fire      #####...     1%          3    None
d - Mephitic Cloud        Conj/Pois/Air  ###.....     6%          3    None
e - Sticky Flame          Conj/Fire      #####...     3%          4    ##.....
f - Fireball              Conj/Fire      #####.....   9%          5    ####...

Your spell library contained the following spells:

 Spells                   Type           Power        Failure   Level  Hunger
 Foxfire                  Conj/Fire      ####         1%          1    None
 Inner Flame              Hex/Fire       ####....     3%          3    None
 Call Imp                 Summ           ###.....     4%          2    None
 Dazzling Flash           Conj/Hex       ####..       4%          3    None
 Animate Skeleton         Necr           N/A          5%          1    None
 Beastly Appendage        Tmut           ##....       5%          1    None
 Corona                   Hex            ##.....      5%          1    None
 Pain                     Necr           ##..         5%          1    None
 Sting                    Tmut/Pois      ##..         5%          1    None
 Ignite Poison            Fire/Tmut/Pois ###.....     6%          3    None
 Ensorcelled Hibernation  Hex/Ice        ##....       8%          2    None
 Poisonous Vapours        Pois/Air       ##....       8%          2    None
 Slow                     Hex            ##......     8%          2    None
 Sticks to Snakes         Tmut           ##......     8%          2    None
 Confusing Touch          Hex            ##......     16%         3    None
 Spider Form              Tmut/Pois      ##........   16%         3    None
 Tukima's Dance           Hex            ##......     16%         3    None
 Vampiric Draining        Necr           ##........   16%         3    None
 Animate Dead             Necr           N/A          45%         4    ##.....
 Ice Form                 Ice/Tmut       ##......     45%         4    ##.....
 Olgreb's Toxic Radiance  Pois           ##......     45%         4    ##.....
 Agony                    Necr           ##......     82%         5    ####...
 Blade Hands              Tmut           ##........   82%         5    ####...


Dungeon Overview and Level Annotations

Branches:
Dungeon (10/15)            Temple (0/1) D:6            Lair (4/6) D:9
  Swamp (0/4) Lair:3       Spider (0/4) Lair:4          Orc (0/2) D:9
Gauntlet (1/1)

Altars:
Cheibriados
Fedhas
Okawaru
Qazlal
Trog
Uskayaw
Xom
Yredelemnul
The Shining One

Shops:
D:7 (   D:8 :   D:9 }

Annotations:
D:7 2 transporters, IC0N0FSIN's ghost, novice DgTm Gauntlet 11 transporters


Message History

The jelly barely misses you.
Casting: Sticky Flame (safe; 3% risk of failure)
Confirm with . or Enter, or press ? or * to list all spells.
You miscast Blink.
You are very lightly contaminated with residual magic.
Your skin tingles.
You block the jelly's attack.
Casting: Blink (safe; 4% risk of failure)
Confirm with . or Enter, or press ? or * to list all spells.
You blink.
The jelly hits you but does no damage.
Two slime creatures merge to form an enormous slime creature.
Unknown command.
You see here a green potion.
G - 2 green potions (gained 1)
The jelly completely misses you.
Casting: Blink (safe; 4% risk of failure)
Confirm with . or Enter, or press ? or * to list all spells.
You blink.
The jelly misses you.
The enormous slime creature hits you!!!!
Ouch! That really hurt!
You die...

##..#.a##.##a.#..#.#^...^#.#..
#≈..#a.a.a.aaa#..#.^.....^z#..
##..###########..###########..
#§.∩..........................
##......∩.....................
##≈#≈#≈..#########..#########
######..#.##J#J§#..#3##..53#
#§..##.#J.###..#5.##.5##
##..##.@##.#####5..#.###
#≈.©#.##J#.©#©©#.##.##©#
##..##.#^.########.#..$#
#≈..##..##.##..##..##.
##..#.##.#..#..#...
#≈§.#########..####
##§................
#≈.........§§§.....
##≈#≈#§#≈#≈#≈#≈#≈#≈


You could see a queen ant, an enormous slime creature, a soldier ant and 3
jellies.

Vanquished Creatures
  A two-headed ogre (D:8)
  2 spiny frogs (Lair:1)
  A troll (D:7)
  Grinder (D:4)
  3 hippogriffs
  2 hungry ghosts
  Eustachio (D:5)
  2 basilisks
  Menkaure (D:5)
  A water moccasin (D:5)
  A porcupine (Lair:1)
  A black bear (D:6)
  An orc warrior (D:7)
  A sky beast (D:8)
  A necrophage (D:7)
  3 ogres
  3 phantoms
  4 centaurs
  2 crocodiles (Lair:1)
  3 big kobolds
  Blork the orc (D:5)
  6 bullfrogs
  A water moccasin zombie (D:8)
  4 scorpions
  2 troll zombies (D:9)
  3 howler monkeys
  A crimson imp (D:6)
  2 bullfrog zombies
  A quasit (D:9)
  3 hounds
  A jelly (D:5)
  4 orc priests
  A bullfrog skeleton (D:8)
  An iguana (D:8)
  Jessica (D:2)
  4 orc wizards (D:6)
  Natasha (thrice) (D:2)
  4 worker ants
  6 ogre zombies (D:9)
  Robin (D:2)
  8 adders
  8 gnolls
  An adder skeleton (D:4)
  A dart slug (D:1)
  5 leopard geckos
  16 orcs
  5 bats
  11 giant cockroaches
  20 goblins
  9 hobgoblins
  8 jackals
  A quokka (D:7)
  A ball python (D:1)
  3 frilled lizards
  2 goblin skeletons (D:9)
  A hobgoblin skeleton (D:9)
  3 hobgoblin zombies (D:9)
  13 kobolds
  A leopard gecko skeleton (D:7)
  A leopard gecko zombie (D:6)
  5 orc skeletons (D:9)
  13 orc zombies (D:9)
  A quokka skeleton (D:8)
  8 rats
230 creatures vanquished.

Vanquished Creatures (others)
  2 plants (Lair:1)
2 creatures vanquished.

Grand Total: 232 creatures vanquished

Notes
Turn   | Place    | Note
-------+----------+-------------------------------------------
     0 | D:1      | omnomnOMINOUS the Deep Elf Wizard began the quest for the
                  | Orb.
     0 | D:1      | Reached XP level 1. HP: 10/10 MP: 7/7
   607 | D:1      | Reached XP level 2. HP: 16/16 MP: 6/9
   611 | D:1      | Learned a level 2 spell: Blink
  1068 | D:2      | Noticed Robin
  1264 | D:2      | Reached skill level 1 in Fighting
  1264 | D:2      | Reached skill level 3 in Dodging
  1264 | D:2      | Reached XP level 3. HP: 20/20 MP: 1/10
  1396 | D:2      | Found an iron altar of Okawaru.
  1541 | D:2      | Killed Robin
  1681 | D:2      | Found a hide-covered altar of Uskayaw.
  1681 | D:2      | Noticed Natasha
  1686 | D:2      | Killed Natasha
  1686 | D:2      | Reached XP level 4. HP: 25/25 MP: 4/12
  1895 | D:2      | Noticed Natasha
  1911 | D:2      | Killed Natasha
  2038 | D:2      | Noticed Natasha
  2099 | D:2      | Killed Natasha
  2099 | D:2      | Reached XP level 5. HP: 15/30 MP: 1/13
  2530 | D:2      | Noticed Jessica
  2535 | D:2      | Killed Jessica
  2630 | D:3      | Found a glowing golden altar of the Shining One.
  2636 | D:3      | Became a worshipper of the Shining One
  3053 | D:3      | Reached skill level 4 in Dodging
  3105 | D:3      | Found a shimmering altar of Xom.
  3532 | D:4      | Found a stormy altar of Qazlal.
  3557 | D:4      | Noticed Grinder
  3566 | D:5      | Entered Level 5 of the Dungeon
  3596 | D:5      | Reached XP level 6. HP: 35/35 MP: 9/14
  3598 | D:5      | Noticed a water moccasin
  3603 | D:5      | Killed a water moccasin
  3603 | D:5      | Reached skill level 1 in Shields
  3603 | D:5      | Reached skill level 5 in Conjurations
  3620 | D:5      | Got a pair of polished gloves
  3631 | D:5      | Identified the -3 pair of gloves "Qaacoppi" {+Fly rCorr
                  | Dex+2} (You found it on level 5 of the Dungeon)
  3669 | D:5      | Noticed Menkaure
  3678 | D:5      | Killed Menkaure
  3678 | D:5      | Reached XP level 7. HP: 40/40 MP: 3/16
  3725 | D:5      | Reached skill level 5 in Dodging
  3725 | D:5      | Reached skill level 5 in Spellcasting
  3750 | D:5      | You fall into a shaft and drop 1 floor!
  4124 | D:5      | Noticed Eustachio
  4606 | D:4      | Learned a level 3 spell: Conjure Flame
  4610 | D:4      | Learned a level 3 spell: Mephitic Cloud
  4617 | D:4      | Paralysed by Grinder for 3 turns
  4626 | D:4      | Killed Grinder
  4626 | D:4      | Reached skill level 6 in Dodging
  4626 | D:4      | Reached XP level 8. HP: 18/48 MP: 8/19
  5193 | D:5      | Noticed Blork the orc
  5320 | D:5      | Killed Blork the orc
  5396 | D:5      | Killed Eustachio
  5396 | D:5      | Reached * piety under the Shining One
  5547 | D:5      | Noticed a moth of wrath
  5550 | D:5      | Found a bloodstained altar of Trog.
  5783 | D:6      | Found a staircase to the Ecumenical Temple.
  5880 | D:6      | Found an iron altar of Okawaru.
  5881 | D:6      | Found a snail-covered altar of Cheibriados.
  6320 | D:7      | Noticed a hippogriff
  6730 | D:6      | Reached skill level 7 in Dodging
  7037 | D:7      | Noticed a troll
  7253 | D:6      | Reached XP level 9. HP: 12/52 MP: 11/22
  7594 | D:7      | Reached ** piety under the Shining One
  7678 | D:7      | Found Eritiy's Antique Weapon Shoppe.
  7681 | D:7      | Bought an encrusted mace for 288 gold pieces
  7681 | D:7      | Identified the cursed +1 mace of the Wraith {crush, MP+9
                  | Str+3} (You bought it in a shop on level 7 of the Dungeon)
  7753 | D:7      | Found a blossoming altar of Fedhas.
  7801 | D:7      | Reached skill level 5 in Fighting
  7905 | D:7      | Reached skill level 8 in Dodging
  7914 | D:7      | Killed a troll
  8201 | D:7      | Learned a level 4 spell: Sticky Flame
  8207 | D:7      | Learned a level 5 spell: Fireball
  8412 | D:7      | Reached skill level 1 in Fire Magic
  8494 | D:7      | Found a transporter.
  8494 | D:7      | Found a transporter.
  8494 | D:7      | Noticed IC0N0FSIN's ghost (novice DgTm)
  8516 | D:8      | Found Noomouh's Book Emporium.
  8521 | D:8      | Found a basalt altar of Yredelemnul.
  8840 | D:8      | Noticed a two-headed ogre
  9330 | D:8      | Killed a two-headed ogre
  9330 | D:8      | Reached skill level 9 in Dodging
  9330 | D:8      | Reached skill level 5 in Fire Magic
  9330 | D:8      | Reached XP level 10. HP: 54/59 MP: 7/24
  9963 | D:9      | Reached *** piety under the Shining One
  9977 | D:9      | Found Toosch's Gadget Shop.
  9984 | D:9      | Found a staircase to the Lair.
 10096 | D:9      | Reached **** piety under the Shining One
 10137 | D:9      | Found a staircase to the Orcish Mines.
 11080 | D:10     | Entered Level 10 of the Dungeon
 11118 | D:10     | Noticed a skeletal warrior
 11236 | Lair:1   | Entered Level 1 of the Lair of Beasts
 11247 | Lair:1   | Noticed a spiny frog
 11251 | Lair:1   | Killed a spiny frog
 11457 | Lair:1   | Noticed a spiny frog
 11469 | Lair:1   | Killed a spiny frog
 11495 | Lair:1   | Reached skill level 10 in Dodging
 12137 | Lair:1   | You fall into a shaft and drop 1 floor!
 12164 | Lair:2   | Found a gate leading to a gauntlet.
 12174 | Lair:2   | You fall into a shaft and drop 2 floors!
 12293 | Gauntlet | Entered a Gauntlet
 12293 | Gauntlet | Found a transporter.
 12293 | Gauntlet | Found a transporter.
 12293 | Gauntlet | Found a transporter.
 12294 | Gauntlet | Found a transporter.
 12294 | Gauntlet | Noticed a queen ant
 12296 | Gauntlet | Found a transporter.
 12298 | Gauntlet | Found a transporter.
 12300 | Gauntlet | Noticed a soul eater
 12305 | Gauntlet | Found a transporter.
 12306 | Gauntlet | Found a transporter.
 12307 | Gauntlet | Found a transporter.
 12309 | Gauntlet | Found a transporter.
 12311 | Gauntlet | Noticed a death yak
 12311 | Gauntlet | Noticed a death yak
 12312 | Gauntlet | Noticed a death yak
 12312 | Gauntlet | Noticed a death yak
 12313 | Gauntlet | Noticed a death yak
 12313 | Gauntlet | Noticed a death yak
 12314 | Gauntlet | Noticed a torpor snail
 12314 | Gauntlet | Reached ***** piety under the Shining One
 12316 | Gauntlet | Noticed a death yak
 12316 | Gauntlet | Noticed a death yak
 12316 | Gauntlet | Noticed a death yak
 12316 | Gauntlet | Noticed a death yak
 12317 | Gauntlet | Noticed a death yak
 12317 | Gauntlet | Found a transporter.
 12317 | Gauntlet | Noticed a necromancer
 12319 | Gauntlet | Found a transporter.
 12441 | Gauntlet | Got a clouded pewter ring
 12450 | Gauntlet | Mangled by an enormous slime creature

Levels and vault maps discovered:
D:1:      lightli_arrival_quake, layout_rooms, minmay_tetromino_s2
D:2:      minmay_roachtagon, layout_loops_ring, eat_drink_and_be_merry_uskayaw,
          okawaru_gym_becter, uniq_jessica, uniq_natasha, uniq_robin
D:3:      layout_basic, tso_metal_star, tgw_xom, first_ration,
          nrook_mini_vaults, lemuel_another_geyser
D:4:      layout_loops_ring, grunt_qazlal_sundering, uniq_grinder
D:5:      layout_rooms, tgw_trog, uniq_menkaure, uniq_eustachio,
          uniq_blork_the_orc
D:6:      layout_rooms, gammafunk_temple_overflow_statue,
          minmay_temple_entry_statues_fountains
D:7:      layout_rooms, lemuel_crystal_altar, serial_shops,
          kennysheep_mini_moat, gammafunk_ghost_smash, grunt_ogre_cave
D:8:      layout_basic, serial_shops,
          nicolae_shop_temple_entry_statues_fountains, basic_altar,
          kennysheep_cross_room
D:9:      layout_stronghold, lair_entry_dummy, zombieorc2_lemuel, serial_shops,
          kennysheep_mini, enter_bailey_7
D:10:     layout_irregular_city, minivault_11, minmay_shop_mayhem,
          nicolae_water_bricks, kennysheep_small_square
Lair:1:   layout_layer_cave, st_stairs_13, columned_hall_lemuel
Lair:2:   layout_cave_pods, gauntlet_entry_generic, eino_house_with_fridge,
          infiniplex_staircase_pool_2
Lair:3:   layout_regular_city, minmay_swamp_entry_reptiles,
          gammafunk_lair_bear_cave
Lair:4:   layout_roguey, nicolae_spider_entry_tight_spaces
Gauntlet: minmay_gauntlet_mixed_big_or_small [nicolae_gauntlet_arena_quarters,
          minmay_gauntlet_arena_77_tiled_triplets,
          nicolae_gauntlet_arena_blocks, minmay_gauntlet_arena_77_fan,
          nicolae_gauntlet_swirl, minmay_gauntlet_arena_77_checkered,
          gauntlet_exit_hidden_loot]

Skill      XL: |  1  2  3  4  5  6  7  8  9 10 |
---------------+-------------------------------+-----
Conjurations   | 2 3 4 5 6 |  6.7
Fighting       | 1 2 3 4 6 |  6.9
Dodging        | 3 4 6 7 9 10 | 10.2
Shields        | 1 3 4 |  4.0
Spellcasting   | 6 7 8 |  8.0
Fire Magic     | 5 7 |  7.0
Stealth        | |  2.4
Summonings     | |  1.1
Translocations | |  1.1

Action                   |  1- 3 |  4- 6 |  7- 9 | 10-12 || total
-------------------------+-------+-------+-------+-------++-------
Melee: Unarmed           |     2 |       |       |       ||     2
       Dagger            |       |    40 |   105 |       ||   145
       Falchion          |       |       |     1 |    52 ||    53
       Mace              |       |       |     4 |     4 ||     8
Throw: Dart              |     7 |     5 |     2 |       ||    14
 Cast: Magic Dart        |    76 |    88 |   302 |   115 ||   581
       Blink             |       |     2 |    10 |     4 ||    16
       Mephitic Cloud    |       |       |    15 |       ||    15
       Conjure Flame     |       |       |     4 |       ||     4
       Sticky Flame      |       |       |     5 |    33 ||    38
       Fireball          |       |       |     1 |    11 ||    12
Evoke: Wand              |       |     2 |    14 |       ||    16
  Use: Potion            |       |       |     1 |       ||     1
       Scroll            |       |       |     5 |    12 ||    17
 Stab: Sleeping          |       |     1 |       |       ||     1
  Eat: Chunk             |     2 |     6 |    16 |     5 ||    29
       Ration            |       |       |     1 |     3 ||     4
Armor: Robe              |     1 |    13 |    29 |    21 ||    64
Dodge: Dodged            |    22 |    54 |   178 |   123 ||   377
Block: Buckler           |       |       |    64 |    17 ||    81
       Rpst.: Falchion   |       |       |     7 |    17 ||    24

Table legend:
 A = Non-vault XP
 B = Vault XP
 C = Vault XP percentage of total XP
 D = Non-vault monster count
 E = Vault monster count
 F = Vault count percentage of total count
                 A         B        C        D         E       F
            +---------+---------+-------+---------+---------+-------
      Total |    7528 |    1959 |  20.6 |     148 |      82 |  35.7
            +---------+---------+-------+---------+---------+-------
        D:1 |      21 |      11 |  34.4 |      11 |       5 |  31.2
        D:2 |      92 |     125 |  57.6 |       8 |      22 |  73.3
        D:3 |      35 |      10 |  22.2 |      13 |       5 |  27.8
        D:4 |      75 |     290 |  79.5 |       5 |       1 |  16.7
        D:5 |     468 |     439 |  48.4 |      11 |       8 |  42.1
        D:6 |    1175 |       0 |   0.0 |      35 |       0 |   0.0
        D:7 |    1348 |     127 |   8.6 |      21 |       1 |   4.5
        D:8 |    1933 |       0 |   0.0 |      14 |       0 |   0.0
        D:9 |     670 |     698 |  51.0 |      21 |      39 |  65.0
     Lair:1 |    1509 |     259 |  14.6 |       8 |       1 |  11.1
     Lair:2 |     202 |       0 |   0.0 |       1 |       0 |   0.0
            +---------+---------+-------+---------+---------+-------
